 Dungeon Crawl Stone Soup version 0.23.2-1-ga50397a (webtiles) character file.

Game seed: 17777763688008807459

102800 Lokkij the Lord of Darkness (level 15, -1/126 HPs)
             Began as a Demonspawn Necromancer on Apr 24, 2019.
             Was the Champion of Kikubaaqudgha.
             Shot with a bolt by a yaktaur (7 damage)
             ... on level 1 of the Depths on Apr 28, 2019.
             The game lasted 02:13:56 (27973 turns).

Lokkij the Lord of Darkness (DsNe)                 Turns: 27973, Time: 02:13:57

Health: -1/126     AC: 15    Str: 11    XL:     15   Next: 87%
Magic:  7/32       EV: 12    Int: 25    God:    Kikubaaqudgha [******]
Gold:   1237       SH:  0    Dex: 14    Spells: 3/40 levels left

rFire    + + +     SeeInvis .   M - +0 war axe (elec)
rCold    + . .     Gourm    .   (no shield)
rNeg     . . .     Faith    .   J - +1 robe of Biskiuje {Int+2}
rPois    +         Spirit   .   w - +1 helmet {Int+3}
rElec    +         Reflect  .   N - scarf {rC+ rF+}
rCorr    +         Harm     .   (no gloves)
MR       ++...                  Z - +1 pair of boots {Fly}
Stlth    ++........             d - amulet of Leosip {Acrobat rElec rF++ rC- MR+}
HPRegen  0.31/turn              G - +4 ring of protection
MPRegen  0.23/turn              j - +4 ring of slaying

@: resistant, flying, very slightly contaminated, hasted, very quick
A: hooves 2, iridescent scales 2, powered by death 2, robust 1, spiny 1
a: Receive Corpses, Torment, Renounce Religion, Stop Flying


You were on level 1 of the Depths.
You worshipped Kikubaaqudgha.
Kikubaaqudgha was exalted by your worship.
You were not hungry.

You visited 5 branches of the dungeon, and saw 25 of its levels.

You collected 2331 gold pieces.
You spent 1094 gold pieces at shops.

Inventory:

Hand Weapons
 M - a +0 war axe of electrocution (weapon)
 R - a +0 dagger
 Y - the +7 hand axe "Gote Xuz" {freeze, rC+ Int+5 Dex-2}
   (You found it on level 5 of the Lair of Beasts)

   It has been specially enchanted to freeze those struck by it, causing extra
   injury to most foes and up to half again as much damage against particularly
   susceptible opponents.
   It can also slow down cold-blooded creatures.
   It affects your intelligence (+5).
   It affects your dexterity (-2).
   It protects you from cold.
Armour
 f - a +0 leather armour of positive energy
 m - the cursed +0 robe "Yhat" {*Corrode rPois rN++ Regen+}
   (You bought it in a shop on level 14 of the Dungeon)

   It protects you from poison.
   It greatly protects you from negative energy.
   It increases your rate of regeneration.
   It may corrode you when you take damage.
   It has a curse placed upon it.
 w - a +1 helmet of intelligence (worn)
 J - the +1 robe of Biskiuje (worn) {Int+2}
   (You found it on level 12 of the Dungeon)

   It affects your intelligence (+2).
 L - a +1 cloak
 N - a scarf of resistance (worn)
 Z - a +1 pair of boots of flying (worn)
Magical Staves
 F - an uncursed staff of wizardry
Jewellery
 d - the amulet of Leosip (around neck) {Acrobat rElec rF++ rC- MR+}
   (You found it on level 6 of the Dungeon)

   [amulet of the acrobat]

   It helps you evade while moving and waiting.
   It greatly protects you from fire.
   It makes you vulnerable to cold.
   It insulates you from electricity.
   It affects your resistance to hostile enchantments.
 j - a +4 ring of slaying (right hand)
 z - an uncursed ring of see invisible
 G - a +4 ring of protection (left hand)
 O - an uncursed amulet of guardian spirit {unknown}
Wands
 a - a wand of digging (7)
 k - a wand of disintegration (16)
 o - a wand of clouds (8)
 P - a wand of polymorph (3)
 Q - a wand of iceblast (18)
 S - a wand of enslavement (9)
 X - a wand of acid (12)
Scrolls
 b - 2 scrolls of identify
 e - a scroll of fog
 h - 4 scrolls of immolation
 i - a scroll of summoning {unknown}
 l - a scroll of holy word
 n - 4 scrolls of amnesia
 q - 6 scrolls of teleportation
 r - a scroll of acquirement {unknown}
 s - 8 scrolls of remove curse
 y - a scroll of enchant armour
 B - 5 scrolls of magic mapping
 I - 4 scrolls of enchant weapon
 K - 2 scrolls of brand weapon
 T - a scroll of fear
Potions
 t - 6 potions of curing
 u - a potion of haste
 v - a potion of ambrosia
 x - 3 potions of berserk rage
 A - a potion of invisibility
 E - a potion of agility
 U - 2 potions of might
 V - a potion of lignification
Miscellaneous
 D - a crystal ball of energy
Comestibles
 c - 19 rations


   Skills:
 - Level 10.0 Fighting
 + Level 10.7 Axes
 - Level 5.0 Armour
 - Level 1.7 Dodging
 - Level 1.7 Stealth
 + Level 13.3 Spellcasting
 + Level 17.7 Necromancy
 - Level 8.0 Ice Magic
 - Level 3.1 Earth Magic


You had 3 spell levels left.
You knew the following spells:

 Your Spells              Type           Power        Failure   Level  Hunger
a - Pain                  Necr           ####         0%          1    None
b - Vampiric Draining     Necr           #######...   0%          3    None
c - Animate Dead          Necr           N/A          1%          4    None
d - Dispel Undead         Necr           #######.     1%          5    ###....
e - Borgnjor's Vile Clut  Necr/Erth      ######....   1%          5    ###....
f - Simulacrum            Ice/Necr       ######....   2%          6    #####..
g - Bolt of Draining      Conj/Necr      ######....   2%          5    ###....
h - Infestation           Necr           #######...   16%         8    #######

Your spell library contained the following spells:

 Spells                   Type           Power        Failure   Level  Hunger
 Animate Skeleton         Necr           N/A          0%          1    None
 Sublimation of Blood     Necr           #######...   0%          2    None
 Freeze                   Ice            ####         1%          1    None
 Throw Frost              Conj/Ice       #####.       1%          2    None
 Ozocubu's Armour         Chrm/Ice       #####...     1%          3    None
 Regeneration             Chrm/Necr      ######....   1%          3    None
 Beastly Appendage        Tmut           ###...       3%          1    None
 Magic Dart               Conj           ###.         3%          1    None
 Searing Ray              Conj           ###...       5%          2    None
 Sticks to Snakes         Tmut           ###.....     5%          2    None
 Dazzling Spray           Conj/Hex       ###...       11%         3    None
 Ignite Poison            Fire/Tmut/Pois ###.....     11%         3    None
 Spider Form              Tmut/Pois      ###.......   11%         3    None
 Ice Form                 Ice/Tmut       #####...     7%          4    None
 Summon Ice Beast         Ice/Summ       #####...     7%          4    None
 Throw Icicle             Conj/Ice       #####...     7%          4    None
 Borgnjor's Revivificati  Necr           #######...   16%         8    #######
 Petrify                  Tmut/Erth      ###.....     19%         4    None
 Force Lance              Conj/Tloc      ###.....     34%         4    None
 Fulminant Prism          Conj/Hex       ###.......   34%         4    None
 Iskenderun's Mystic Bla  Conj           ###.....     34%         4    None
 Haunt                    Necr/Summ      ######....   61%         7    ######.
 Alistair's Intoxication  Tmut/Pois      ###.....     69%         5    ###....
 Blade Hands              Tmut           ###.......   69%         5    ###....
 Irradiate                Conj/Tmut      ###.......   69%         5    ###....
 Death's Door             Chrm/Necr      ######....   99%         8    #######
 Necromutation            Tmut/Necr      ######....   99%         8    #######


Dungeon Overview and Level Annotations

Branches:
Dungeon (15/15)            Temple (1/1) D:4            Lair (6/6) D:10
 Shoals (0/4) Lair:2       Spider (0/4) Lair:4        Slime (0/5) Lair:6
    Orc (2/2) D:10            Elf (0/3) Orc:2        Vaults (0/5) D:14
 Depths (1/5) D:15

Altars:
Ashenzari
Cheibriados
Dithmenos
Elyvilon
Fedhas
Gozag
Hepliaklqana
Kikubaaqudgha
Makhleb
Nemelex Xobeh
Okawaru
Qazlal
Ru
Sif Muna
Trog
Uskayaw
Vehumet
Wu Jian
Xom
Yredelemnul
Zin
The Shining One
Jiyva

Shops:
D:5 [   D:12 :   D:13 %   D:14 *   Orc:1 (   Orc:2 ?*?*

Portals:
Pandemonium: Depths:1

Annotations:
Lair:1 exclusion: 2 oklob plants
Lair:3 3 runed translucent doors, Kairos's ghost, journeyman CeHu
Depths:1 Mara


Innate Abilities, Weirdness & Mutations

You have hoof-like feet.
You are mostly covered in iridescent scales. (AC +4)
You regenerate health from kills.
You are robust. (+10% HP)
You are partially covered in sharp spines.


Message History

Press: ? - help, Dir - move target cursor, f - ogre mage
Aim: an ogre mage, wearing a +0 robe
Okay, then.
Casting: Borgnjor's Vile Clutch (safe; 1% risk of failure)
Confirm with . or Enter, or press ? or * to list all spells.
The spell is very dangerous to cast (16% risk of failure)!
Continue anyway? [Y]es or [N]o only, please.
The spell is very dangerous to cast (16% risk of failure)!
Continue anyway?
Aiming: Infestation (very dangerous; 16% risk of failure)
Press: ? - help, Dir - move target cursor, f - ogre mage
Aim: an ogre mage, wearing a +0 robe You miscast Infestation.
You are very lightly contaminated with residual magic.
Kikubaaqudgha protects you from your miscast necromantic spell!
The slime creature is struck by your spines.
The slime creature hits you!
* * * LOW HITPOINT WARNING * * *
The yaktaur wields a +0 arbalest.
The yaktaur shoots a bolt.
The bolt hits you!
You die...
Kikubaaqudgha rasps: "You have failed me!
Welcome... death!"

...# #.§............≈≈....
....###O.......(.♣.....P...
....§§O§..........♣........
....§§O§...........C......#
.##.§§O§......c..J....♣...##
...#.§§§...................#
...............J.....cc....#
.............cOOJJc..c.#.V.#
.............OOJ@../.c....##
.............OO.........Z.#
........................Z.#
...................#
O.[..............###
...........#)....#
............)....#
.>...⌠..)....##..#
..O....O..uu####.#


You could see a stone giant, a very large slime creature, 4 slime creatures, 3
two-headed ogres, an ogre mage, 7 yaktaurs and 2 ogres.

Vanquished Creatures
  2 very ugly things (Depths:1)
  2 dire elephants (Lair:6)
  Snorg (D:11)
  A rakshasa (D:14)
  2 catoblepae (Lair:3)
  10 hydras
  An anaconda (Lair:6)
  2 ogre magi (Orc:2)
  3 centaur warriors
  13 two-headed ogres
  The ghost of Aske the Slicer, a journeyman GrGl of Ashenzari (D:10)
  A death knight (D:15)
  An orc high priest (Orc:2)
  A tengu warrior (D:13)
  5 skeletal warriors (D:15)
  2 unseen horrors
  2 deep trolls
  2 orc knights
  Pikel (D:8)
  A necromancer (D:14)
  A wolf spider (D:15)
  11 ugly things
  A salamander (shapeshifter) (D:15)
  An orc sorcerer (Orc:2)
  A deep elf mage (D:9)
  A salamander (D:15)
  4 cyclopes
  2 manticores
  17 elephants
  A merfolk siren (Lair:2)
  5 black mambas
  2 torpor snails
  Maurice (D:11)
  A molten gargoyle (D:14)
  4 gargoyles
  5 spiny frogs
  2 kobold demonologists (D:10)
  2 rime drakes
  A yaktaur (shapeshifter) (D:9)
  A freezing wraith (D:15)
  A yaktaur (Depths:1)
  A tengu conjurer (D:13)
  8 komodo dragons
  A polar bear (Lair:6)
  10 trolls
  A hornet (Lair:4)
  6 blink frogs
  4 slime creatures (D:14)
  6 dream sheep
  10 hippogriffs
  A spriggan (D:9)
  4 wraiths
  A shadow (D:14)
  36 yaks
  A basilisk (Lair:6)
  A fire elemental (D:14)
  2 hungry ghosts
  4 wyverns
  A steam dragon (D:9)
  Grum (D:11)
  2 wargs (Orc:1)
  A soldier ant (D:11)
  10 water moccasins
  5 porcupines
  13 orc warriors
  A hornet zombie (D:6)
  3 ice beasts
  2 phantoms
  5 sky beasts
  A black bear (D:7)
  2 eyes of draining
  4 necrophages
  24 ogres
  17 centaurs
  13 wolves
  8 crocodiles
  11 big kobolds
  A gnoll sergeant (D:11)
  24 bullfrogs
  A water moccasin skeleton (D:7)
  9 scorpions
  17 killer bees
  4 wights
  An electric eel (D:11)
  5 howler monkeys
  12 crimson imps
  3 bullfrog zombies
  7 jellies
  2 centaur zombies (D:9)
  Crazy Yiuf (D:3)
  9 hounds
  9 orc priests
  11 orc wizards
  4 centaur skeletons
  4 bullfrog skeletons
  Terence (D:3)
  3 iguanas
  Natasha (thrice) (D:3)
  11 worker ants
  A hound skeleton (D:10)
  A mummy (D:7)
  A worker ant zombie (D:9)
  8 gnolls
  8 adders
  2 shadow imps
  An adder zombie (D:8)
  An adder skeleton (D:6)
  4 worms
  4 leopard geckos
  72 orcs
  6 bats
  9 giant cockroaches
  13 goblins
  12 hobgoblins
  3 jackals (D:4)
  4 quokkas
  3 ball pythons
  6 frilled lizards
  20 kobolds
  A leopard gecko skeleton (D:5)
  8 rats
  2 fungi
  4 plants (Lair:6)
676 creatures vanquished.

Vanquished Creatures (collateral kills)
  A very ugly thing (Depths:1)
  4 dire elephants
  A jiangshi (Depths:1)
  A fire dragon (Depths:1)
  3 hydras (Lair:5)
  An ice dragon (Depths:1)
  2 ogre magi (Depths:1)
  6 two-headed ogres
  Nergalle (Lair:1)
  A necromancer (D:14)
  An ugly thing (Depths:1)
  An orc knight (Orc:2)
  A cyclops (Orc:2)
  An elephant (Lair:6)
  A komodo dragon (Lair:5)
  2 spiny frogs
  An efreet (D:13)
  A rime drake (Lair:6)
  3 trolls (Orc:2)
  9 blink frogs (Lair:5)
  4 dream sheep (Lair:6)
  A hippogriff (Lair:4)
  8 yaks
  A basilisk (Lair:4)
  A steam dragon (D:12)
  3 water moccasins
  An orc warrior (Orc:2)
  A sky beast (D:13)
  A wolf (Lair:2)
  4 ogres
  A crocodile (Lair:6)
  3 bullfrogs
  A wight (D:7)
  A jelly (D:9)
  2 orc wizards
  2 orc priests (Orc:2)
  A bullfrog skeleton (D:12)
  A hound (D:11)
  A worker ant (Lair:4)
  Robin (D:3)
  2 worms (Lair:4)
  5 orcs
  A bush (Lair:3)
  3 fungi (Lair:4)
92 creatures vanquished.

Vanquished Creatures (others)
  A spiny frog (Lair:3)
  A slave (D:8)
  An ogre (Depths:1)
  A crimson imp (D:9)
  An iguana (D:8)
  A quokka skeleton (D:8)
  8 fungi (Lair:6)
  17 plants
31 creatures vanquished.

Grand Total: 799 creatures vanquished

Notes
Turn   | Place    | Note
-------+----------+-------------------------------------------
     0 | D:1      | Lokkij the Demonspawn Necromancer began the quest for the
                  | Orb.
     0 | D:1      | Reached XP level 1. HP: 13/13 MP: 3/3
   304 | D:1      | Gained mutation: You are partially covered in sharp spines.
                  | [demonic ancestry]
   304 | D:1      | Reached XP level 2. HP: 17/19 MP: 5/5
  1003 | D:2      | Reached XP level 3. HP: 15/24 MP: 7/7
  1011 | D:2      | Reached skill level 5 in Necromancy
  1983 | D:3      | Learned a level 3 spell: Vampiric Draining
  2334 | D:3      | Gained mutation: You are partially covered in iridescent
                  | scales. (AC +2) [demonic ancestry]
  2334 | D:3      | Reached XP level 4. HP: 26/30 MP: 8/8
  2359 | D:3      | Noticed Natasha
  2370 | D:3      | Killed Natasha
  2378 | D:3      | Noticed Natasha
  2393 | D:3      | Killed Natasha
  2393 | D:3      | Gained mutation: You regenerate a little health from kills.
                  | [demonic ancestry]
  2393 | D:3      | Reached XP level 5. HP: 30/35 MP: 10/10
  2434 | D:3      | Reached skill level 6 in Necromancy
  2459 | D:3      | Learned a level 4 spell: Animate Dead
  2481 | D:3      | Found a sacrificial altar of Ru.
  2481 | D:3      | Found a hazy altar of Hepliaklqana.
  2481 | D:3      | Found an ancient bone altar of Kikubaaqudgha.
  2500 | D:3      | Found a deep blue altar of Sif Muna.
  2508 | D:3      | Became a worshipper of Kikubaaqudgha
  2516 | D:3      | Noticed Terence
  2521 | D:3      | Killed Terence
  2521 | D:3      | Reached XP level 6. HP: 39/41 MP: 8/12
  2647 | D:3      | Noticed Robin
  2682 | D:3      | Killed Robin
  2872 | D:3      | Found a runed translucent door.
  2873 | D:3      | Noticed Crazy Yiuf
  2988 | D:3      | Killed Crazy Yiuf
  3191 | D:3      | Noticed Natasha
  3198 | D:3      | Killed Natasha
  3298 | D:4      | Noticed an orc warrior
  3424 | D:4      | Reached skill level 7 in Necromancy
  3637 | D:4      | Reached skill level 5 in Spellcasting
  3640 | D:4      | Reached * piety under Kikubaaqudgha
  3640 | D:4      | Identified Kikubaaqudgha's Almanac of Unholy Rituals
                  | (Kikubaaqudgha gifted it to you on level 4 of the Dungeon)
  3640 | D:4      | Received a gift from Kikubaaqudgha
  3731 | D:4      | Found a glowing golden altar of the Shining One.
  3737 | D:4      | Killed an orc warrior
  3737 | D:4      | Reached XP level 7. HP: 24/46 MP: 8/14
  3744 | D:4      | Found a staircase to the Ecumenical Temple.
  3810 | Temple   | Entered the Ecumenical Temple
  4445 | D:5      | Entered Level 5 of the Dungeon
  4547 | D:5      | Reached skill level 8 in Necromancy
  5269 | D:5      | Found an opulent altar of Gozag.
  5275 | D:5      | Reached XP level 8. HP: 46/53 MP: 17/17
  5289 | D:5      | Reached skill level 1 in Fighting
  5498 | D:5      | Found Kofinut's Antique Armour Boutique.
  5507 | D:5      | Bought a glowing helmet for 180 gold pieces
  6013 | D:6      | Found a shadowy altar of Dithmenos.
  6257 | D:6      | Found a shimmering altar of Xom.
  6266 | D:6      | Got a twitching silver amulet
  6476 | D:6      | Found a stormy altar of Qazlal.
  6649 | D:6      | Reached skill level 9 in Necromancy
  7306 | D:7      | Reached ** piety under Kikubaaqudgha
  7309 | D:7      | Gained mutation: You have large cloven feet. [demonic
                  | ancestry]
  7309 | D:7      | Reached XP level 9. HP: 37/64 MP: 12/20
  7664 | D:7      | Reached skill level 10 in Necromancy
  7798 | D:7      | Reached skill level 5 in Fighting
  7996 | D:7      | Found a basalt altar of Yredelemnul.
  8499 | D:8      | Noticed Pikel
  8516 | D:8      | Killed Pikel
  9074 | D:9      | Gained mutation: You are mostly covered in iridescent
                  | scales. (AC +4) [demonic ancestry]
  9074 | D:9      | Reached XP level 10. HP: 73/75 MP: 18/22
  9113 | D:9      | Reached *** piety under Kikubaaqudgha
  9113 | D:9      | Identified Kikubaaqudgha's Compendium of Evil
                  | (Kikubaaqudgha gifted it to you on level 9 of the Dungeon)
  9113 | D:9      | Received a gift from Kikubaaqudgha
  9127 | D:9      | Learned a level 5 spell: Dispel Undead
  9133 | D:9      | Learned a level 5 spell: Borgnjor's Vile Clutch
  9374 | D:9      | Noticed a two-headed ogre
  9416 | D:9      | Killed a two-headed ogre
  9416 | D:9      | Reached skill level 11 in Necromancy
  9416 | D:9      | Reached skill level 1 in Earth Magic
  9728 | D:9      | Noticed a cyclops
  9772 | D:9      | Noticed a white ugly thing
  9829 | D:8      | Identified the amulet of Leosip {Acrobat rElec rF++ rC-
                  | MR+} (You found it on level 6 of the Dungeon)
  9897 | D:9      | Killed a cyclops
 10007 | D:9      | Learned a level 6 spell: Simulacrum
 10138 | D:9      | Reached skill level 1 in Ice Magic
 10223 | D:9      | Killed a white ugly thing
 10394 | D:9      | Noticed a deep elf mage
 10401 | D:9      | Reached XP level 11. HP: 63/84 MP: 18/24
 10408 | D:9      | Killed a deep elf mage
 10796 | D:10     | Entered Level 10 of the Dungeon
 10860 | D:10     | Noticed a four-headed hydra
 10866 | D:10     | Killed a four-headed hydra
 10866 | D:10     | Reached skill level 1 in Armour
 10882 | D:10     | Reached skill level 12 in Necromancy
 10884 | D:10     | Reached **** piety under Kikubaaqudgha
 11012 | D:10     | Found a staircase to the Lair.
 11021 | Lair:1   | Entered Level 1 of the Lair of Beasts
 11050 | Lair:1   | Noticed Nergalle
 11060 | Lair:1   | Killed Nergalle
 11123 | Lair:1   | Noticed a five-headed hydra
 11137 | Lair:1   | Killed a five-headed hydra
 11137 | Lair:1   | Reached skill level 10 in Spellcasting
 11462 | Lair:1   | Noticed an oklob plant
 12437 | Lair:1   | Noticed an oklob plant
 12912 | D:10     | Reached ***** piety under Kikubaaqudgha
 12969 | D:10     | Found a staircase to the Orcish Mines.
 13028 | D:10     | Noticed a two-headed ogre
 13035 | D:10     | Killed a two-headed ogre
 13035 | D:10     | Reached skill level 5 in Ice Magic
 13108 | D:10     | Found a runed translucent gate.
 13109 | D:10     | Found a runed translucent gate.
 13110 | D:10     | Found a runed translucent gate.
 13111 | D:10     | Noticed Aske's ghost (journeyman GrGl)
 13112 | D:10     | Identified the +5 short sword "Ottaitynt" {drain, rC+++
                  | rN+++ Str-4 Int-4}
 13245 | D:10     | Gained mutation: You regenerate health from kills. [demonic
                  | ancestry]
 13245 | D:10     | Reached XP level 12. HP: 84/94 MP: 20/26
 13245 | D:10     | Reached skill level 13 in Necromancy
 13330 | D:11     | Noticed Grum
 13336 | D:11     | Killed Grum
 13403 | D:11     | Reached skill level 1 in Axes
 13485 | D:10     | Learned a level 5 spell: Bolt of Draining
 13488 | D:10     | Killed Aske's ghost
 13488 | D:10     | Reached skill level 5 in Armour
 14077 | D:11     | Noticed Maurice
 14090 | D:11     | Killed Maurice
 14206 | D:11     | Noticed Snorg
 14216 | D:11     | Killed Snorg
 14742 | D:12     | Reached skill level 5 in Axes
 14822 | Lair:2   | Noticed a four-headed hydra
 14829 | Lair:2   | Killed a four-headed hydra
 14976 | Lair:2   | Reached ****** piety under Kikubaaqudgha
 14981 | Lair:2   | Received a gift from Kikubaaqudgha
 15265 | Lair:2   | Found a staircase to the Shoals.
 15443 | Lair:2   | Gained mutation: You have hoof-like feet. [demonic
                  | ancestry]
 15443 | Lair:2   | Reached XP level 13. HP: 81/99 MP: 27/27
 15790 | Lair:3   | Reached skill level 14 in Necromancy
 16015 | Lair:3   | Found a runed translucent gate.
 16015 | Lair:3   | Found a runed translucent gate.
 16015 | Lair:3   | Found a runed translucent gate.
 16015 | Lair:3   | Noticed Kairos's ghost (journeyman CeHu)
 17050 | D:12     | Got a shimmering robe
 17051 | D:12     | Identified the +1 robe of Biskiuje {Int+2} (You found it on
                  | level 12 of the Dungeon)
 17148 | D:12     | Found Gicuho Gung's Book Shop.
 17357 | D:12     | Found a burning altar of Makhleb.
 17987 | D:13     | Found Focots's Food Shop.
 18076 | D:13     | Reached skill level 15 in Necromancy
 19403 | Orc:1    | Entered Level 1 of the Orcish Mines
 19545 | Orc:2    | Entered Level 2 of the Orcish Mines
 19545 | Orc:2    | Found Pannass's Assorted Antiques.
 19550 | Orc:2    | Reached XP level 14. HP: 89/106 MP: 8/29
 20459 | Orc:2    | Reached skill level 16 in Necromancy
 20628 | Orc:2    | Found Engit's Magic Scroll Shop.
 20648 | Orc:2    | Found Kearheot's Assorted Antiques.
 20649 | Orc:2    | Found Adoyk's Magic Scroll Emporium.
 20711 | Orc:2    | Found a staircase to the Elven Halls.
 21210 | Orc:1    | Found Tihacal's Antique Weapon Boutique.
 21438 | Orc:2    | Bought a scroll labeled HUDULO YGUPIF for 28 gold pieces
 21443 | Orc:2    | Bought a scroll of blinking for 127 gold pieces
 22578 | Lair:4   | Paralysed by a hornet for 3 turns
 22590 | Lair:4   | Found a hole to the Spider Nest.
 23242 | Lair:5   | Got a twisted hand axe
 23243 | Lair:5   | Identified the +7 hand axe "Gote Xuz" {freeze, rC+ Int+5
                  | Dex-2} (You found it on level 5 of the Lair of Beasts)
 23519 | Lair:6   | Entered Level 6 of the Lair of Beasts
 23693 | Lair:6   | Gained mutation: You are robust. (+10% HP) [demonic
                  | ancestry]
 23693 | Lair:6   | Reached XP level 15. HP: 99/124 MP: 19/31
 23790 | Lair:6   | Found a staircase to the Slime Pits.
 24320 | Lair:6   | Reached skill level 17 in Necromancy
 25146 | Lair:6   | Found a viscous altar of Jiyva.
 26068 | D:14     | Found Juac's Assorted Antiques.
 26077 | D:14     | Bought a paperback book for 525 gold pieces
 26077 | D:14     | Bought a thick robe for 199 gold pieces
 26077 | D:14     | Bought a scroll labeled QENUTZ QAGHA for 35 gold pieces
 26327 | D:14     | Learned a level 8 spell: Infestation
 26496 | D:14     | Found a gate to the Vaults.
 26578 | D:14     | Reached skill level 10 in Axes
 26643 | D:15     | Entered Level 15 of the Dungeon
 26644 | D:15     | Found a glowing silver altar of Zin.
 26689 | D:15     | Reached skill level 10 in Fighting
 27212 | D:15     | Identified the cursed +0 robe "Yhat" {*Corrode rPois rN++
                  | Regen+} (You bought it in a shop on level 14 of the
                  | Dungeon)
 27261 | D:15     | Found a staircase to the Depths.
 27344 | Depths:1 | Entered Level 1 of the Depths
 27361 | Depths:1 | HP: 4/126 [jiangshi[a vampire mage] (18)]
 27771 | Depths:1 | Found a one-way gate leading to the halls of Pandemonium.
 27888 | Depths:1 | Noticed Mara
 27892 | Depths:1 | Noticed Lokkij's illusion
 27903 | Depths:1 | Noticed Lokkij's illusion
 27973 | Depths:1 | HP: 6/126 [slime creature (11)]
 27973 | Depths:1 | Shot with a bolt by a yaktaur

Skill      XL: |  1  2  3  4  5  6  7  8  9 10 11 12 13 14 15 |
---------------+----------------------------------------------+-----
Necromancy     | 5 6 7 8 9 10 11 12 13 15 16 17 | 17.7
Spellcasting   | 3 4 5 6 7 8 9 10 11 12 13 | 13.3
Fighting       | 4 6 7 8 9 10 | 10.0
Earth Magic    | 3 |  3.1
Ice Magic      | 1 5 6 8 |  8.0
Armour         | 4 5 |  5.0
Axes           | 6 7 9 10 | 10.7
Dodging        | |  1.7
Stealth        | |  1.7

Action                   |  1- 3 |  4- 6 |  7- 9 | 10-12 | 13-15 || total
-------------------------+-------+-------+-------+-------+-------++-------
Melee: Dagger            |    94 |    99 |   312 |    62 |       ||   567
       Kick              |       |       |    36 |    75 |    68 ||   179
       Hand axe          |       |       |       |   132 |   150 ||   282
       War axe           |       |       |       |   113 |   319 ||   432
 Cast: Pain              |     7 |    10 |    23 |   108 |    72 ||   220
       Animate Dead      |       |     6 |     7 |     7 |    18 ||    38
       Vampiric Draining |       |       |     7 |    26 |    22 ||    55
       Borgnjor's Vile C |       |       |       |    37 |    88 ||   125
       Dispel Undead     |       |       |       |     6 |    13 ||    19
       Simulacrum        |       |       |       |     4 |    23 ||    27
       Bolt of Draining  |       |       |       |     5 |    31 ||    36
       Infestation       |       |       |       |       |     3 ||     3
Invok: Receive Corpses   |       |       |     1 |       |     4 ||     5
       Receive Necronomi |       |       |       |     1 |       ||     1
Evoke: Wand              |       |       |       |     1 |       ||     1
  Use: Scroll            |     3 |     2 |     6 |     5 |    21 ||    37
       Potion            |       |     3 |     6 |     3 |    10 ||    22
 Stab: Sleeping          |       |       |     4 |     3 |     2 ||     9
       Distracted        |       |       |     1 |     1 |     1 ||     3
  Eat: Chunk             |     4 |     2 |     6 |    24 |    32 ||    68
       Ration            |       |     1 |     4 |     3 |     8 ||    16
Armor: Robe              |    13 |    20 |       |       |   178 ||   211
       Leather armour    |       |     1 |    87 |   149 |    27 ||   264
Dodge: Dodged            |    56 |    43 |   164 |   258 |   451 ||   972
Block: Other             |     2 |     6 |    14 |     9 |       ||    31
       Reflection        |     2 |       |       |       |       ||     2
